 Dungeon Crawl Stone Soup version 0.18.1-48-g4cf74bf (webtiles) character file.

1762 nikopol the Skirmisher (level 8, -1/111 HPs)
             Began as a Minotaur Berserker on Sept 4, 2016.
             Was an Elder of Trog.
             Slain by a worker ant (2 damage)
             ... on level 7 of the Dungeon.
             The game lasted 00:11:41 (5260 turns).

nikopol the Skirmisher (Minotaur Berserker)         Turns: 5260, Time: 00:11:42

Health: -1/111     AC:  9    Str: 26    XL:     8   Next: 79%
Magic:  7/7        EV: 15    Int:  4    God:    Trog [****..]
Gold:   377        SH:  0    Dex: 15    Spells: 0 memorised, 7 levels left

rFire  . . .     SeeInvis .     a - +0 war axe
rCold  . . .     Gourm    .     h - +0 ring mail
rNeg   + . .     Faith    +     (no shield)
rPois  .         Spirit   .     (helmet restricted)
rElec  .         Dismiss  .     e - +2 cloak
rCorr  .         Reflect  .     (no gloves)
SustAt .         Harm     .     (no boots)
MR     .....                    s - amulet of faith
Stlth  ..........               t - ring of positive energy
                                k - +2 ring of dexterity

@: berserking, lethally poisoned (-1 -> -20), very quick, not resistant to
hostile enchantments, extremely unstealthy
A: retaliatory headbutt, horns 2
a: Berserk, Trog's Hand, Brothers in Arms, Burn Spellbooks, Renounce Religion


You were on level 7 of the Dungeon.
You worshipped Trog.
Trog was greatly pleased with you.
You were hungry.

You visited 1 branch of the dungeon, and saw 7 of its levels.

You collected 377 gold pieces.

Inventory:

Hand Weapons
 a - a +0 war axe (weapon)
Missiles
 l - 44 arrows (quivered)
Armour
 b - a +0 animal skin
 d - a +0 leather armour
 e - a +2 cloak (worn)
 h - a +0 ring mail (worn)
Jewellery
 k - a +2 ring of dexterity (left hand)
 s - an amulet of faith (around neck)
 t - a ring of positive energy (right hand)
 u - the ring "Jyrphiad" {rC+ Dex+3, unknown}
   (You found it on level 6 of the Dungeon)

   [ring of protection from cold]

   It affects your dexterity (+3).
   It protects you from cold.
Scrolls
 f - a scroll of amnesia {unknown}
 g - a scroll of remove curse
 n - 3 scrolls of fear
 o - 2 scrolls of identify
 r - a scroll of enchant armour
 v - a scroll of recharging {unknown}
 y - a scroll of noise {unknown}
Potions
 i - 3 potions of curing
 j - a potion of lignification
 m - 2 potions of degeneration {unknown}
 q - a potion of heal wounds
Comestibles
 c - 6 bread rations
 p - 2 meat rations
 w - a slice of pizza
 x - 7 chunks of flesh


   Skills:
 + Level 7.7 Fighting
 + Level 7.7 Axes
 + Level 7.2 Armour
 + Level 6.5 Dodging


You had 7 spell levels left.
You didn't know any spells.

Dungeon Overview and Level Annotations

Branches:
Dungeon (7/15)             Temple (0/1) D:6

Altars:
Elyvilon
Gozag
Kikubaaqudgha
Makhleb
Pakellas
Ru
Trog


Innate Abilities, Weirdness & Mutations

You reflexively headbutt those who attack you in melee.
You have a pair of horns on your head.


Message History

You headbutt the killer bee!
You kill the killer bee!
Trog accepts your kill.
You barely miss the quokka. Your headbutt misses the quokka.
* * * LOW HITPOINT WARNING * * *
You feel sick.
The sky beast flickers out of sight!
Deactivating autopickup; reactivate with Ctrl-A.
The quokka misses you. You furiously retaliate!
You headbutt the quokka!
You kill the quokka!
Trog accepts your kill.
* * * LOW HITPOINT WARNING * * *
You feel sick. The worker ant closely misses you. Something hits you.
* * * LOW HITPOINT WARNING * * *
Something shocks you.
* * * LOW HITPOINT WARNING * * *
You see here a quokka corpse.
You closely miss the worker ant. You closely miss something.
* * * LOW HITPOINT WARNING * * *
You feel sick. The worker ant bites you.
You die...

## ###
####... >.
..... #.#...
#{a†# #@#
#.# #.#####
. #.#
#.....##....
#.#
###.........
#.#
#.#.###.##
#.# #.#.##
#.# #.#...
#.# #.#..#
#.#####.#..#


You could see a worker ant.

Vanquished Creatures
  Grinder (D:6)
  Menkaure (D:4)
  An ogre (D:7)
  A phantom (D:6)
  The ghost of appiemonkey the Ruffian, an amateur VSMo (D:3)
  7 scorpions
  3 killer bees (D:7)
  4 wights (D:6)
  2 howler monkeys
  A jelly (D:5)
  An orc priest (D:7)
  A centaur skeleton (D:4)
  A hound (D:7)
  2 iguanas
  2 orc wizards
  3 worker ants
  Robin (D:3)
  7 adders
  A shadow imp (D:6)
  An adder skeleton (D:4)
  2 worms
  A dart slug (D:1)
  5 giant geckos
  16 orcs
  A ball python (D:3)
  2 giant cockroaches (D:2)
  14 goblins
  7 hobgoblins
  7 jackals
  4 kobolds
  2 quokkas
  12 bats
  A giant gecko skeleton (D:6)
  4 giant newts
  6 rats
  2 fungi (D:4)
  A toadstool (D:1)
129 creatures vanquished.

Vanquished Creatures (others)
  A human (D:6)
  2 fungi (D:4)
  3 toadstools (D:1)
6 creatures vanquished.

Grand Total: 135 creatures vanquished

Notes
Turn   | Place    | Note
--------------------------------------------------------------
     0 | D:1      | nikopol the Minotaur Berserker began the quest for the Orb.
     0 | D:1      | Reached XP level 1. HP: 19/19 MP: 0/0
   534 | D:1      | Reached XP level 2. HP: 27/27 MP: 1/1
  1230 | D:2      | Reached XP level 3. HP: 23/33 MP: 2/2
  1299 | D:2      | Found a sacrificial altar of Ru.
  1345 | D:2      | Reached ** piety under Trog
  1895 | D:3      | Noticed appiemonkey's ghost (amateur VSMo)
  1897 | D:3      | Noticed Robin
  1907 | D:3      | Killed appiemonkey's ghost
  1907 | D:3      | Reached XP level 4. HP: 28/41 MP: 3/3
  1909 | D:3      | Reached XP level 5. HP: 33/47 MP: 4/4
  1911 | D:3      | Killed Robin
  2446 | D:3      | Reached *** piety under Trog
  2612 | D:4      | Reached skill level 5 in Axes
  2624 | D:4      | Reached skill level 5 in Fighting
  2624 | D:4      | Reached XP level 6. HP: 22/56 MP: 5/5
  2909 | D:4      | Noticed Menkaure
  2920 | D:4      | Killed Menkaure
  2920 | D:4      | Reached skill level 5 in Armour
  2992 | D:4      | Found a bloodstained altar of Trog.
  3241 | D:4      | Reached XP level 7. HP: 61/61 MP: 6/6
  3285 | D:4      | Reached skill level 5 in Dodging
  3508 | D:5      | Entered Level 5 of the Dungeon
  3609 | D:5      | Found a burning altar of Makhleb.
  3769 | D:5      | Found an oddly glowing altar of Pakellas.
  3769 | D:5      | Found an ancient bone altar of Kikubaaqudgha.
  4149 | D:6      | Found a staircase to the Ecumenical Temple.
  4170 | D:6      | Noticed Grinder
  4178 | D:6      | Killed Grinder
  4178 | D:6      | Reached XP level 8. HP: 43/71 MP: 7/7
  4446 | D:6      | Found an opulent altar of Gozag.
  4582 | D:6      | Got a smoking iron ring
  4895 | D:6      | Found an ancient bone altar of Kikubaaqudgha.
  4982 | D:7      | Found a white marble altar of Elyvilon.
  5135 | D:7      | Reached **** piety under Trog
  5259 | D:7      | HP: 2/111 [something (5)]
  5260 | D:7      | Slain by a worker ant

Skill      XL: |  1  2  3  4  5  6  7  8 |
---------------+-------------------------+-----
Axes           | 4 5 6 7 |  7.7
Armour         | 3 4 5 6 7 |  7.2
Fighting       | 4 5 6 7 |  7.7
Dodging        | 3 4 5 6 |  6.5

Action                   |  1- 3 |  4- 6 |  7- 9 || total
-------------------------+-------+-------+-------++-------
Melee: Hand axe          |    71 |    78 |     6 ||   155
       Headbutt          |    10 |    16 |    22 ||    48
       War axe           |       |     5 |   118 ||   123
Invok: Berserk           |     1 |     1 |     1 ||     3
       Burn Spellbooks   |       |       |     1 ||     1
  Use: Scroll            |       |       |     9 ||     9
  Eat: Chunk             |     2 |     6 |     4 ||    12
       Beef jerky        |     1 |       |       ||     1
       Royal jelly       |       |       |     1 ||     1
Armor: Leather armour    |    22 |       |       ||    22
       Ring mail         |     6 |    32 |    45 ||    83
Dodge: Dodged            |    62 |    65 |    83 ||   210
